 Dungeon Crawl Stone Soup version 0.29.1-2-gbd0b4ee654 (webtiles) character file.

Game seed: 8449544194298299851

9535 hawla the Frost Mage (level 12, -3/89 HPs)
             Began as a Meteoran Ice Elementalist on Nov 27, 2022.
             Was a Priest of Vehumet.
             Slain by an orc warrior
             ... wielding a +0 flail
              (18 damage)
             ... on level 2 of the Orcish Mines on Nov 28, 2022.
             The game lasted 00:42:58 (6370 turns).

hawla the Frost Mage (Meteoran Ice Elementalist)    Turns: 6370, Time: 00:42:59

Health: -3/89      AC:  5    Str: 12    XL:     12   Next: 6%
Magic:  21/28      EV: 13    Int: 20    God:    Vehumet [***...]
Gold:   1001       SH:  5    Dex: 15    Spells: 13/33 levels left

rFire   . . .      SeeInvis +   v - +7 dagger "Ocvuetig" {pain, SInv}
rCold   + . .      Faith    .   (no shield)
rNeg    . . .      Spirit   .   o - +1 robe {rC+}
rPois   +          Reflect  +   (no helmet)
rElec   .          Harm     .   (no cloak)
rCorr   .          Rampage  .   (no gloves)
Will    ++...                   r - +1 pair of boots
Stlth   +.........              t - amulet of reflection
HPRegen 0.24/turn               x - ring of willpower
MPRegen 0.21/turn               E - ring of poison resistance

@: freezing walls, glowing
A: sense surroundings 2, otherworldly, glowing, explore regen
a: Renounce Religion


You were on level 2 of the Orcish Mines.
You worshipped Vehumet.
Vehumet was most pleased with you.
You visited 3 branches of the dungeon, and saw 12 of its levels.
You also visited: Ossuary and Bailey.

You collected 1193 gold pieces.
You spent 192 gold pieces at shops.

Inventory:

Hand Weapons
 v - the +7 dagger "Ocvuetig" (weapon) {pain, SInv}
   (You found it on level 3 of the Dungeon)

   In the hands of one skilled in necromantic magic, it inflicts extra damage on
   living creatures.
   SInv:      It lets you see invisible.
 w - the +4 dagger of Distant Worlds {vorpal, rCorr SInv}
   (You found it on level 3 of the Dungeon)

   It inflicts extra damage upon your enemies.
   SInv:      It lets you see invisible.
   rCorr:     It protects you from acid and corrosion.
 H - the +6 dagger of hawla's Terror {vorpal, rN+ MP+9}
   (You found it on level 7 of the Dungeon)

   It inflicts extra damage upon your enemies.
   rN:        It protects you from negative energy.
   MP:        It affects your magic capacity (+9).
Armour
 o - a +1 robe of cold resistance (worn)
 r - a +1 pair of boots (worn)
Magical Staves
 y - a staff of fire
 z - a staff of death
Jewellery
 t - an amulet of reflection (around neck)
 x - a ring of willpower (left hand)
 E - a ring of poison resistance (right hand)
Wands
 a - a wand of polymorph (6)
 i - a wand of roots (4) (quivered)
 j - a wand of light (8)
 m - a wand of flame (7)
 C - a wand of paralysis (1)
Scrolls
 f - a scroll of enchant armour
 g - 2 scrolls of teleportation
 h - 2 scrolls of enchant weapon
 k - 2 scrolls of poison
 l - 6 scrolls of identify
 n - a scroll of magic mapping
 G - a scroll of butterflies {unknown}
 J - a scroll of summoning {unknown}
Potions
 e - a potion of haste
 p - a potion of brilliance
 s - 2 potions of berserk rage
 u - 3 potions of flight
 A - 3 potions of might
 B - 2 potions of curing
 D - a potion of ambrosia {unknown}
 F - a potion of lignification {unknown}
 I - a potion of mutation {unknown}
 K - a potion of attraction {unknown}
Miscellaneous
 q - a phial of floods


   Skills:
 - Level 3.5 Fighting
 - Level 5.5 Short Blades
 - Level 4.2 Dodging
 - Level 1.4 Stealth
 - Level 11.0 Spellcasting
 - Level 7.0 Conjurations
 - Level 2.0 Necromancy
 - Level 11.2 Ice Magic
 - Level 5.0 Air Magic
 + Level 6.2 Earth Magic
 - Level 3.3 Evocations


You had 13 spell levels left.
You knew the following spells:

 Your Spells              Type           Power      Damage    Failure   Level
a - Freeze                Ice            100%       1d11      1%          1
b - Frozen Ramparts       Ice            100%       1d16      1%          3
c - Hailstorm             Conj/Ice       47%        3d11      1%          4
d - Passwall              Tmut/Erth      19%        N/A       2%          2
e - Airstrike             Air            15%        2d(3-19)  2%          4
f - Iron Shot             Conj/Erth      18%        9d4       17%         6

Your spell library contained the following spells:

 Spells                   Type           Power      Damage    Failure   Level
 Flame Wave               Conj/Fire      25%        2d8       4%          4
 Sandblast                Erth           72%        2d16      1%          1
 Dazzling Flash           Conj/Hex       50%        N/A       1%          3
 Ozocubu's Armour         Ice            54%        N/A       1%          3
 Stone Arrow              Conj/Erth      74%        3d11      1%          3
 Lightning Bolt           Conj/Air       17%        1d32      4%          5
 Animate Armour           Summ/Erth      46%        N/A       17%         4
 Petrify                  Tmut/Erth      23%        N/A       17%         4
 Metabolic Englaciation   Hex/Ice        16%        N/A       17%         5
 Summon Lightning Spire   Summ/Air       21%        N/A       22%         4
 Silence                  Hex/Air        10%        N/A       52%         5
 Agony                    Necr           19%        N/A       58%         5
 Blade Hands              Tmut           5%         N/A       86%         5
 Statue Form              Tmut/Erth      15%        N/A       95%         6


Dungeon Overview and Level Annotations

Branches:
Dungeon (9/15) Zot: 68     Temple (1/1) D:6 Zot: 555     Orc (2/2) D:9 Zot: 877
    Elf (0/3) Orc:2       Ossuary (visited)          Bailey (visited)
   Lair: D:8-11

Altars:
Ashenzari
Cheibriados
Dithmenos
Fedhas
Gozag
Hepliaklqana
Kikubaaqudgha
Makhleb
Nemelex Xobeh
Qazlal
Sif Muna
Trog
Uskayaw
Vehumet
Wu Jian
Yredelemnul
Zin
The Shining One

Shops:
D:2 ?   D:3 *   D:4 ?

Annotations:
Temple 2 transporters
Orc:2 Erolcha


Innate Abilities, Weirdness & Mutations

You passively map the area around you.
You are easily found by Zot.
You glow in the dark.
You regain HP and MP as you explore.


Message History

You hear a shout!
An orc warrior comes into view. It is wielding a +0 short sword.
The wall freezes the orc knight but does no damage.
The orc knight roars a battlecry!
The orc warrior goes into a battle-frenzy!
The wall freezes the orc warrior!
The orc knight hits you with a +2 vorpal long sword!
Aiming: Bolt of Light
Press: ? - help, Shift-Dir - straight line, f - orc priest, p - orc knight
Aim: an orc priest, wielding a +0 flail and wearing a +0 ring mail (strong, 77% to hit)
The bolt of light hits the orc priest!
The orc priest is almost dead.
The orc priest is blinded.
You hear a shout!
The wall freezes the orc knight!
You kill the orc knight!
Vehumet accepts your kill.
You feel your power returning.
The wall freezes the orc warrior.
The orc knight hits you with a +2 vorpal long sword!!
* * * LOW HITPOINT WARNING * * *
x2 Your Earth Magic skill increases to level 6!
Casting: Hailstorm (safe; 1% risk of failure)
Confirm with . or Enter, or press ? or * to list all spells.
Casting: Hailstorm (safe; 1% risk of failure)
Press: ? - help, Dir - look around, f - activate A cannonade of hail descends around you!
The hail pelts the orc!!
You kill the orc!
Vehumet accepts your kill.
You feel your power returning.
The hail pelts the orc priest!
You kill the orc priest!
Vehumet accepts your kill.
You feel your power returning.
The wall freezes the orc warrior.
The orc warrior hits you with a +0 flail!
* * * LOW HITPOINT WARNING * * *
The orc knight closely misses you.
Okay, then.
You feel better.
The wall freezes the orc warrior.
The orc warrior hits you with a +0 flail!!
You die...

##......o .##
#...#..)#...#
#...........##
*....#...#....#
* *.
...........# *
....#..)#))..#
........).)..#
*.. .#..)#)o..#
#,.....)).@.# *
...#..)#o..# *
... .)..##
.*..o#..#
**...o.o.##
##.#.## * #.. .
* ## # * , , *


You could see an orc knight (strong, blind), 2 orc warriors, an orc priest
(strong) and an orc.

Vanquished Creatures
  Pikel (D:6)
  3 orc knights
  A wyvern (D:8)
  12 yaks
  A warg (Orc:1)
  Menkaure (D:4)
  2 water moccasins
  Duvessa (D:4)
  An ice beast (D:5)
  16 orc warriors
  A sky beast (D:6)
  6 ogres
  A centaur (D:6)
  4 lemures (D:6)
  12 kobold brigands
  2 necrophages
  2 bullfrogs
  A gnoll sergeant (D:9)
  Dowan (D:4)
  7 killer bees
  6 howler monkeys
  3 hounds
  A gnoll bouda (D:5)
  A jelly (D:4)
  13 orc priests
  Jessica (D:2)
  2 iguanas
  Natasha (D:2)
  Terence (D:2)
  5 orc wizards
  13 mummies (Ossuary)
  19 gnolls
  7 adders
  2 white imps
  An ufetubus (D:4)
  4 worms
  5 dart slugs
  56 orcs
  10 endoplasms
  3 giant cockroaches
  3 goblins
  4 hobgoblins
  7 jackals
  39 kobolds
  4 quokkas
  4 ball pythons
  6 bats
  3 frilled lizards (D:1)
  2 goblin skeletons (Ossuary)
  5 kobold skeletons (Ossuary)
  An orc skeleton (Ossuary)
  6 rats
  11 rat skeletons (Ossuary)
325 creatures vanquished.

Notes
Turn   | Place    | Note
-------+----------+-------------------------------------------
     0 | D:1      | hawla the Meteoran Ice Elementalist began the quest for the
                  | Orb.
     0 | D:1      | Reached XP level 1. HP: 14/14 MP: 5/5
    94 | D:1      | Reached XP level 2. HP: 18/20 MP: 4/6
   385 | D:1      | Reached skill level 5 in Ice Magic
   385 | D:1      | Reached XP level 3. HP: 22/26 MP: 6/8
   500 | D:1      | Glimpsed the power of Zot.
   520 | D:2      | Learned a level 3 spell: Frozen Ramparts
   608 | D:2      | Reached XP level 4. HP: 25/33 MP: 7/10
   720 | D:2      | Reached XP level 5. HP: 38/38 MP: 7/11
   758 | D:2      | Found Weoguom's Magic Scroll Shoppe.
   761 | D:2      | Noticed Terence
   765 | D:2      | Killed Terence
   798 | D:2      | Bought a scroll of identify for 28 gold pieces
   798 | D:2      | Bought a scroll of teleportation for 42 gold pieces
   833 | D:2      | Noticed Jessica
   836 | D:2      | Killed Jessica
  1054 | D:2      | Noticed Natasha
  1061 | D:2      | Killed Natasha
  1062 | D:2      | Reached XP level 6. HP: 38/45 MP: 9/14
  1100 | D:2      | Glimpsed the power of Zot.
  1138 | D:3      | Found Etup's General Store.
  1146 | D:3      | Bought a potion of brilliance for 40 gold pieces
  1170 | D:3      | Reached skill level 5 in Spellcasting
  1352 | D:3      | Identified the +7 dagger "Ocvuetig" {pain, SInv}
  1382 | D:3      | Identified the +4 dagger of Distant Worlds {vorpal, rCorr
                  | SInv}
  1448 | D:3      | Reached skill level 1 in Evocations
  1700 | D:3      | Glimpsed the power of Zot.
  1710 | D:4      | Found Zyintura's Magic Scroll Boutique.
  1773 | D:4      | Reached XP level 7. HP: 50/50 MP: 10/16
  1815 | D:4      | Reached skill level 1 in Necromancy
  1828 | D:4      | Found a sand-covered staircase.
  1842 | D:4      | Noticed Menkaure
  1852 | Ossuary  | Entered an ossuary
  2023 | Ossuary  | Learned a level 4 spell: Hailstorm
  2149 | Ossuary  | Reached skill level 1 in Conjurations
  2339 | D:4      | Killed Menkaure
  2340 | D:4      | Reached XP level 8. HP: 13/57 MP: 17/17
  2468 | D:4      | Reached skill level 5 in Conjurations
  2554 | D:4      | Found an opulent altar of Gozag.
  2623 | D:4      | Bought a scroll of blinking for 82 gold pieces
  2647 | D:4      | Reached skill level 1 in Short Blades
  2728 | D:4      | Noticed Duvessa
  2733 | D:4      | Killed Duvessa
  2734 | D:4      | Noticed Dowan
  2737 | D:4      | Killed Dowan
  2784 | D:4      | Glimpsed the power of Zot.
  2791 | D:5      | Entered Level 5 of the Dungeon
  2867 | D:5      | Gained mutation: You passively map the area around you.
                  | [Meteoran growth]
  2867 | D:5      | Reached XP level 9. HP: 52/63 MP: 7/19
  2964 | D:5      | Reached skill level 1 in Fighting
  3388 | D:5      | Glimpsed the power of Zot.
  3569 | D:6      | Noticed Pikel
  3585 | D:6      | Killed Pikel
  3586 | D:6      | Reached XP level 10. HP: 68/73 MP: 20/23
  3909 | D:6      | Found a staircase to the Ecumenical Temple.
  3937 | Temple   | Entered the Ecumenical Temple
  3937 | Temple   | Found a transporter.
  3937 | Temple   | Found a transporter.
  3939 | Temple   | Found a transporter.
  3939 | Temple   | Found a transporter.
  3965 | Temple   | Became a worshipper of Vehumet
  4037 | D:6      | Glimpsed the power of Zot.
  4087 | D:6      | Glimpsed the power of Zot.
  4127 | D:6      | Glimpsed the power of Zot.
  4203 | D:7      | Identified the +6 dagger of hawla's Terror {vorpal, rN+
                  | MP+9}
  4640 | D:7      | Glimpsed the power of Zot.
  4703 | D:8      | Reached skill level 5 in Short Blades
  4740 | D:8      | Reached * piety under Vehumet
  4740 | D:8      | Offered knowledge of Shock by Vehumet.
  4806 | D:8      | Reached skill level 10 in Ice Magic
  4809 | D:8      | Learned a level 2 spell: Passwall
  5245 | D:8      | Glimpsed the power of Zot.
  5305 | D:9      | Found a flagged portal.
  5313 | D:9      | Found a hazy altar of Hepliaklqana.
  5316 | Bailey   | Entered a bailey
  5329 | Bailey   | Reached skill level 10 in Spellcasting
  5375 | Bailey   | Reached ** piety under Vehumet
  5375 | Bailey   | Offered knowledge of Scorch by Vehumet.
  5376 | Bailey   | Reached XP level 11. HP: 59/82 MP: 25/26
  5381 | Bailey   | Learned a level 4 spell: Airstrike
  5386 | Bailey   | Reached skill level 1 in Air Magic
  5391 | Bailey   | Noticed an orc knight
  5399 | Bailey   | Killed an orc knight
  5418 | Bailey   | Found a bloodstained altar of Trog.
  5508 | D:9      | Found a staircase to the Orcish Mines.
  5788 | D:9      | Reached skill level 5 in Air Magic
  5826 | D:9      | Offered knowledge of Static Discharge by Vehumet.
  5870 | D:9      | Found a stormy altar of Qazlal.
  6011 | D:9      | Glimpsed the power of Zot.
  6043 | Orc:1    | Entered Level 1 of the Orcish Mines
  6043 | Orc:1    | Found a bloodstained altar of Trog.
  6057 | Orc:1    | Learned a level 6 spell: Iron Shot
  6131 | Orc:1    | Found a burning altar of Makhleb.
  6135 | Orc:1    | Reached *** piety under Vehumet
  6150 | Orc:1    | Noticed an orc knight
  6155 | Orc:1    | Reached skill level 1 in Earth Magic
  6160 | Orc:1    | Killed an orc knight
  6308 | Orc:2    | Entered Level 2 of the Orcish Mines
  6310 | Orc:2    | Noticed an orc knight
  6311 | Orc:2    | Found a staircase to the Elven Halls.
  6311 | Orc:2    | Noticed Erolcha
  6342 | Orc:2    | Offered knowledge of Flame Wave by Vehumet.
  6358 | Orc:2    | Noticed a two-headed ogre
  6359 | Orc:2    | Noticed an orc knight
  6359 | Orc:2    | Noticed an orc knight
  6365 | Orc:2    | Reached skill level 5 in Earth Magic
  6367 | Orc:2    | Reached XP level 12. HP: 63/89 MP: 19/28
  6368 | Orc:2    | Killed an orc knight
  6369 | Orc:2    | HP: 4/89 [orc warrior/+0 flail (15)]
  6370 | Orc:2    | Slain by an orc warrior

Illustrated notes

Levels and vault maps discovered:
D:1:      giann_forest_graveyard, layout_basic
D:2:      layout_loops_ring, serial_shops, shop, uniq_jessica, uniq_terence,
          uniq_natasha
D:3:      layout_loops_cross, serial_shops, shop, minivault_23
D:4:      minmay_skewed_foursquare, layout_rooms, nicolae_gozag_seed_capital,
          serial_rivers, chequers_serial_rivers_room_a,
          chequers_serial_rivers_micro_e, chequers_serial_rivers_large_a,
          chequers_serial_rivers_small_b, chequers_serial_rivers_small_b,
          chequers_serial_rivers_micro_d, nicolae_ossuary_entry_false_entrances,
          serial_shops, nicolae_shop_hallway_stairs,
          hangedman_abyss_or_decor_passed, uniq_duvessa, uniq_menkaure
D:5:      layout_cave_pods, minitemple
D:6:      layout_loops_corners, minmay_temple_entry_arrows, uniq_pikel
D:7:      nicolae_cairo_tiling, layout_basic
D:8:      layout_basic, uniq_joseph
D:9:      layout_cave_pods, amcnicky_altar_gilded,
          nicolae_qazlal_style_of_elements, david_orc_2, enter_bailey_2,
          hangedman_decor_diamond_cutter
Temple:   hellmonk_temple_divided_pantheon
Orc:1:    layout_diamond_mine, ebering_ghost_inner_flame, basic_altar,
          nicolae_orc_stony_grotto, bloody_makhleb
Orc:2:    st_orc_pillars, layout_diamond_mine, kennysheep_orc_chapel,
          uniq_erolcha

Skill      XL: |  1  2  3  4  5  6  7  8  9 10 11 12 |
---------------+-------------------------------------+-----
Spellcasting   | 3 4 5 6 8 10 11 | 11.0
Ice Magic      | 5 6 7 9 10 11 | 11.2
Evocations     | 1 2 3 |  3.3
Necromancy     | 2 |  2.0
Conjurations   | 3 5 6 7 |  7.0
Short Blades   | 2 3 5 |  5.5
Dodging        | 3 4 |  4.2
Fighting       | 2 3 |  3.5
Air Magic      | 5 |  5.0
Earth Magic    | 5 6 |  6.2
Stealth        | |  1.4

Action                   |  1- 3 |  4- 6 |  7- 9 | 10-12 || total
-------------------------+-------+-------+-------+-------++-------
Melee: Unarmed           |     3 |    14 |       |       ||    17
       Dagger            |       |    13 |   138 |    87 ||   238
       Punch             |       |       |     2 |       ||     2
 Cast: Freeze            |    23 |    15 |    11 |    15 ||    64
       Frozen Ramparts   |     5 |    23 |    22 |    28 ||    78
       Hailstorm         |       |       |    18 |    53 ||    71
       Passwall          |       |       |       |     6 ||     6
       Airstrike         |       |       |       |    16 ||    16
Evoke: Wand              |       |     3 |    15 |    25 ||    43
  Use: Scroll            |       |     6 |     6 |     7 ||    19
       Potion            |       |       |     6 |     6 ||    12
 Stab: Invisible         |       |       |     2 |       ||     2
       Paralysed         |       |       |       |     2 ||     2
Armor: Robe              |     3 |    12 |    28 |    32 ||    75
Dodge: Dodged            |     7 |    16 |    60 |    72 ||   155
Block: Other             |       |     2 |    30 |    40 ||    72
       Reflection        |       |       |     4 |     3 ||     7
